 Dungeon Crawl Stone Soup version 0.14.2 (webtiles) character file.

1607 Patchouli the Magician (level 8, 41/41 HPs)
             Began as a Deep Elf Ice Elementalist on Nov 2, 2016.
             Quit the game on Level 3 of the Dungeon.
             The game lasted 00:27:27 (3975 turns).

Patchouli the Magician (Deep Elf Ice Elementalist)  Turns: 3975, Time: 00:27:27

HP  41/41        AC  5     Str  7      XL: 8   Next: 32%
MP  27/27        EV 13     Int 21      God:
Gold 295         SH  0     Dex 15      Spells:  4 memorised, 12 levels left

rFire  . . .     SeeInvis .     C - +4,+2 hand axe (flame)
rCold  . . .     Clarity  .     a - +0 robe
rNeg   . . .     Conserve .     (no shield)
rPois  .         rCorr    .     (no helmet)
rElec  .         rRot     .     w - +1 cloak
SustAb . .       Spirit   .     (no gloves)
rMut   .         Warding  .     v - +0 pair of boots
Gourm  +         Stasis   .     x - amulet of the gourmand
MR     .....                    u - ring of flight
                                h - ring of hunger

@: not resistant to hostile enchantments, stealthy
A: no striking features
a: Evoke Flight


You were on level 3 of the Dungeon.
You were very hungry.

You visited 2 branches of the dungeon, and saw 9 of its levels.

You collected 295 gold pieces.

Inventory:

Hand weapons
 k - a +0,+0 whip of flaming
 n - a +0,+0 dagger
 r - a -3,-1 dagger
 t - a +1,+2 hand axe
 C - a +4,+2 hand axe of flaming (weapon)
 E - a +0,+0 mace
 F - a +1,+0 morningstar of flaming
Missiles
 i - 9 tomahawks
 j - 19 darts
 l - a dart of flame (quivered)
Armour
 a - a +0 robe (worn)
 v - a +0 pair of boots (worn)
 w - a +1 cloak (worn)
Magical devices
 y - a wand of cold (2) {unknown}
 B - a wand of random effects (10) {unknown}
Comestibles
 m - 5 meat rations
 G - 2 bread rations
 H - a lychee
Scrolls
 e - 5 scrolls of identify
 o - 3 scrolls of remove curse
 p - 2 scrolls of fear
 A - 2 scrolls of enchant weapon II
 D - a scroll of recharging
Jewellery
 c - an uncursed ring of fire {unknown}
 h - a ring of hunger (left hand)
 u - a ring of flight (right hand)
 x - an amulet of the gourmand (around neck)
Potions
 d - 3 potions of heal wounds
 f - 2 potions of curing
 g - a potion of mutation {unknown}
 q - a potion of brilliance {unknown}
 s - a potion of agility {unknown}
 z - a potion of lignification {unknown}
 K - 2 potions of might {unknown}
Books
 b - a book of Frost

   Spells                             Type                      Level
   *Freeze                            Ice                          1
   *Throw Frost                       Conjuration/Ice              2
   *Ozocubu's Armour                  Charms/Ice                   3
   Throw Icicle                       Conjuration/Ice              4
   *Summon Ice Beast                  Ice/Summoning                4
   Condensation Shield                Ice                          4


   Skills:
 - Level 0.1 Fighting
 - Level 2.4 Dodging
 - Level 3.6 Stealth
 + Level 7.8 Spellcasting
 - Level 1.2 Conjurations
 * Level 6.7 Summonings
 + Level 6.6 Ice Magic


You had 12 spell levels left.
You knew the following spells:

 Your Spells              Type           Power        Failure   Level  Hunger
a - Freeze                Ice            ####         1%          1    None
b - Throw Frost           Conj/Ice       ###...       2%          2    None
q - Ozocubu's Armour      Chrm/Ice       ###.......   10%         3    None
s - Summon Ice Beast      Ice/Summ       #####...     6%          4    ###....


Dungeon Overview and Level Annotations

Branches:
Dungeon (8/15)             Temple (1/1) D:7
   Lair: D:8-11

Altars:
Ashenzari
Cheibriados
Dithmenos
Elyvilon
Fedhas
Makhleb
Nemelex Xobeh
Okawaru
Sif Muna
Trog
Vehumet
Xom
Yredelemnul
Zin
The Shining One

Shops:
D:4 }

Annotations:
D:2 Ijyb


Message History

Aim: a kobold You freeze the kobold.
You kill the kobold!
You see here a kobold corpse.
Magic restored.
You are near starving!
You now have 295 gold pieces (gained 16).
Found 12 darts.
You are starving!
You need to eat something NOW!
Eat which item? (? for menu, Esc to quit)
You are feeling very hungry.
You continue eating.
You finish eating.
Mmmm...
Yummy pear.
A bat comes into view.
The bat moves out of view.
A bat is nearby!
A bat is nearby!
A bat is nearby!
Are you sure you want to abandon this character and quit the game? (Confirm with "yes".) #.# #.# bb.

#.# #.# ##.### #.# #..
....
#.#############.#####.#
......................#
###############.##.....
#.........# #
.######..# ........@#
##.......# #.####..# #
#..# ##.## #... .....
##.# ##.## #.# #.# #.#


You could see a bat.

Vanquished Creatures
  2 scorpions (D:4)
  A crimson imp (D:3)
  A hound (D:4)
  5 worker ants
  Natasha (twice) (D:4)
  An orc wizard (D:5)
  An adder (D:2)
  A worm (D:3)
  7 giant geckos
  An ooze (D:7)
  15 orcs
  5 giant cockroaches
  7 hobgoblins
  9 jackals
  11 kobolds
  3 quokkas
  8 bats
  2 giant newts (D:1)
  10 goblins
  A quokka skeleton (D:4)
  8 rats
  A rat skeleton (D:6)
102 creatures vanquished.

Vanquished Creatures (collateral kills)
  A hill giant (D:6)
  Pikel (D:4)
  An orc warrior (D:7)
  A centaur (D:5)
  2 ice beasts (D:6)
  Blork the orc (D:7)
  2 goliath beetles (D:6)
  A jelly (D:7)
  An orc wizard (D:7)
  A worker ant (D:6)
  A gnoll (D:5)
  5 orcs
  Natasha (D:4)
  A hobgoblin (D:5)
  2 jackals (D:6)
  2 kobolds (D:5)
24 creatures vanquished.

Vanquished Creatures (others)
  5 ice beasts
5 creatures vanquished.

Grand Total: 131 creatures vanquished

Notes
Turn   | Place    | Note
--------------------------------------------------------------
     0 | D:1      | Patchouli, the Deep Elf Ice Elementalist, began the quest for the Orb.
     0 | D:1      | Reached XP level 1. HP: 10/10 MP: 5/5
    28 | D:2      | Noticed Ijyb
   144 | D:1      | Reached XP level 2. HP: 3/15 MP: 0/8
   511 | D:2      | Reached skill level 4 in Ice Magic
   543 | D:2      | Learned a level 2 spell: Throw Frost
   558 | D:2      | Reached XP level 3. HP: 7/19 MP: 0/12
   797 | D:4      | Found Hulozo's Gadget Shoppe.
   804 | D:4      | Noticed a scorpion
   808 | D:4      | Killed a scorpion
   808 | D:4      | Reached skill level 5 in Spellcasting
   808 | D:4      | Reached XP level 4. HP: 16/24 MP: 12/17
   813 | D:4      | Learned a level 3 spell: Ozocubu's Armour
   818 | D:4      | Learned a level 4 spell: Summon Ice Beast
   833 | D:5      | Entered Level 5 of the Dungeon
   911 | D:4      | Reached skill level 1 in Summonings
  1010 | D:4      | Reached XP level 5. HP: 28/28 MP: 16/19
  1105 | D:4      | Noticed a slave
  1105 | D:4      | Noticed a slave
  1106 | D:4      | Noticed Pikel
  1106 | D:4      | Noticed a slave
  1106 | D:4      | Noticed a slave
  1136 | D:4      | Noticed Natasha
  1142 | D:4      | Killed Natasha
  1154 | D:4      | Noticed Natasha
  1158 | D:4      | Killed Natasha
  1218 | D:6      | Noticed an ice beast
  1261 | D:6      | Killed an ice beast
  1392 | D:6      | Noticed a phantom
  1624 | D:6      | Reached skill level 5 in Ice Magic
  1624 | D:6      | Reached XP level 6. HP: 32/32 MP: 13/21
  1683 | D:6      | Noticed a hill giant
  2005 | D:7      | Found a blossoming altar of Fedhas.
  2008 | D:7      | Found a sparkling altar of Nemelex Xobeh.
  2060 | D:7      | Noticed Blork the orc
  2069 | D:7      | Killed Blork the orc
  2069 | D:7      | Reached skill level 6 in Spellcasting
  2270 | D:7      | Noticed an orc warrior
  2285 | D:7      | Killed an orc warrior
  2436 | D:4      | Noticed a scorpion
  2444 | D:4      | Killed a scorpion
  2444 | D:4      | Reached XP level 7. HP: 24/36 MP: 13/24
  2520 | D:4      | Killed Pikel
  2520 | D:4      | Reached skill level 7 in Spellcasting
  2520 | D:4      | Reached skill level 5 in Summonings
  2526 | D:4      | Noticed Natasha
  2532 | D:4      | Killed Natasha
  2953 | D:5      | Found an iron altar of Okawaru.
  3133 | D:6      | Killed a hill giant
  3133 | D:6      | Reached XP level 8. HP: 41/41 MP: 16/27
  3411 | D:7      | Found a staircase to the Ecumenical Temple.
  3421 | Temple   | Entered the Ecumenical Temple
  3975 | D:3      | Quit the game

Action                   |  1- 3 |  4- 6 |  7- 9 || total
-------------------------+-------+-------+-------++-------
Melee: Dagger            |     5 |    12 |       ||    17
       Hand axe          |       |     3 |     3 ||     6
 Cast: Freeze            |    47 |    41 |    34 ||   122
       Throw Frost       |     3 |    22 |    28 ||    53
       Summon Ice Beast  |       |    10 |    13 ||    23
       Ozocubu's Armour  |       |     3 |     2 ||     5
  Use: Scroll            |     5 |     6 |     1 ||    12
       Potion            |       |       |     1 ||     1
 Stab: Sleeping          |     3 |     5 |     1 ||     9
